 Dungeon Crawl Stone Soup version 0.26-a0-79-g47e9afce7f (webtiles) character file.

Game seed: 4006192975172618787

116 vurker the Bolt Thrower (level 5, 0/40 HPs)
             Began as a Formicid Arcane Marksman on June 16, 2020.
             Slain by a wyvern zombie (9 damage)
             ... on level 3 of the Dungeon.
             The game lasted 00:03:53 (2692 turns).

vurker the Bolt Thrower (Formicid Arcane Marksman)  Turns: 2692, Time: 00:03:54

Health: 0/40       AC: 10    Str: 16    XL:     5   Next: 21%
Magic:  0/6        EV:  9    Int: 12    God:
Gold:   101        SH:  0    Dex: 11    Spells: 5/6 levels left

rFire    . . .     SeeInvis +   a - +0 hand crossbow
rCold    . . .     Gourm    .   (no shield)
rNeg     . . .     Faith    .   m - +0 scale mail
rPois    .         Spirit   +   (helmet unavailable)
rElec    .         Reflect  .   (no cloak)
rCorr    .         Harm     .   (no gloves)
MR       .....                  (no boots)
Stlth    ..........             g - amulet of guardian spirit
HPRegen  0.13/turn              q - +4 ring of protection
MPRegen  0.10/turn              (no ring)

@: no status effects
A: permanent stasis, dig shafts and tunnels, four strong arms, antennae 3
a: Dig, Shaft Self


You were on level 3 of the Dungeon.
You were not hungry.

You visited 1 branch of the dungeon, and saw 3 of its levels.

You collected 101 gold pieces.

Inventory:

Hand Weapons
 a - a +0 hand crossbow (weapon)
 b - a +0 dagger
   (You took it off a goblin on level 2 of the Dungeon)
Missiles
 d - 9 bolts (quivered)
Armour
 m - a +0 scale mail (worn)
   (You found it on level 1 of the Dungeon)
Jewellery
 g - an amulet of guardian spirit (around neck)
   (You found it on level 1 of the Dungeon)
 q - a +4 ring of protection (left hand)
   (You found it on level 3 of the Dungeon)
Scrolls
 j - a scroll of remove curse
 k - a scroll of teleportation {unknown}
 l - a scroll of enchant armour {unknown}
Potions
 c - 5 potions of heal wounds
 f - a potion of magic {unknown}
 h - 3 potions of curing
 i - a potion of degeneration {unknown}
 n - a potion of mutation {unknown}
 o - a potion of stabbing {unknown}
Comestibles
 e - 9 rations
 p - 4 chunks of flesh


   Skills:
 + Level 2.9 Fighting
 * Level 4.2 Crossbows
 - Level 1.7 Dodging
 - Level 1.1 Spellcasting
 - Level 3.6 Hexes


You had 5 spell levels left.
You knew the following spells:

 Your Spells              Type           Power        Failure   Level  Hunger
a - Corona                Hex            #......      26%         1    ##.....

Your spell library contained the following spells:

 Spells                   Type           Power        Failure   Level  Hunger
 Slow                     Hex            #.......     36%         2    ###....
 Inner Flame              Hex/Fire       #.......     85%         3    ####...
 Portal Projectile        Hex/Tloc       #.....       85%         3    ####...
 Cause Fear               Hex            #.........   95%         4    #####..
 Leda's Liquefaction      Hex/Erth       #.........   99%         4    #####..


Dungeon Overview and Level Annotations

Branches:
Dungeon (3/15)

Altars:
Fedhas
Wu Jian


Innate Abilities, Weirdness & Mutations

You cannot be hasted, slowed, berserked, paralysed or teleported.
You can dig through walls and to a lower floor.
Your four strong arms can wield two-handed weapons with a shield.
You have a pair of large antennae on your head. (SInv)


Message History

No target in view!
No target in view!
No target in view!
c - 5 potions of heal wounds (gained 2)
You now have 101 gold pieces (gained 9).
You open the door.
There is an open door here.
You sense a monster nearby.
A wyvern zombie comes into view.
The wyvern zombie bites you but does no damage.
The wyvern zombie closely misses you.
A wyvern zombie is nearby!
You hit the wyvern zombie.
The wyvern zombie bites you but does no damage.
Some of the chunks of flesh in your inventory have rotted away.
You hit the wyvern zombie but do no damage.
The wyvern zombie bites you!
Your scale mail prevents you from hitting the wyvern zombie.
The wyvern zombie bites you but does no damage.
The wyvern zombie misses you.
You hit the wyvern zombie.
The wyvern zombie bites you but does no damage.
You hit the wyvern zombie but do no damage.
The wyvern zombie misses you.
You hit the wyvern zombie.
The wyvern zombie bites you but does no damage.
The wyvern zombie barely misses you.
You hit the wyvern zombie but do no damage.
The wyvern zombie barely misses you.
You hit the wyvern zombie but do no damage.
The wyvern zombie bites you but does no damage.
You hit the wyvern zombie. The wyvern zombie barely misses you.
You hit the wyvern zombie.
The wyvern zombie bites you but does no damage.
The wyvern zombie bites you.
You hit the wyvern zombie but do no damage.
The wyvern zombie bites you.
You completely miss the wyvern zombie. The wyvern zombie bites you.
You hit the wyvern zombie. The wyvern zombie bites you.
The wyvern zombie bites you!
* * * LOW HITPOINT WARNING * * *
a - a +0 hand crossbow (weapon)
Firing (i - inventory)
d - 10 bolts (quivered)
Aim: a wyvern zombie (moderately damaged)
You shoot a bolt.
The bolt barely misses the wyvern zombie.
The wyvern zombie bites you!
* * * LOW HITPOINT WARNING * * *
The wyvern zombie bites you!
You die...

#. #.# #.#### ### ## #.#.. ..#
. ##.#.# #.# # ##....# #.#
#.### .####.....#####.### ...
................@.# #
######.#.#####.#Z# #
#.#.......#.# #
#.#########.##### .# ##'## #...
..# .# ##...## #..# #.# .#
##.....## #..###.# .#
#.......## #......##### ##.#
#.........####..........####...


You could see a wyvern zombie.

Vanquished Creatures
  3 gnolls (D:3)
  3 adders
  2 worms (D:2)
  2 dart slugs
  A leopard gecko (D:1)
  A giant cockroach (D:1)
  6 goblins
  6 hobgoblins
  5 jackals
  2 kobolds (D:2)
  9 bats
  6 frilled lizards
  5 rats
51 creatures vanquished.

Vanquished Creatures (others)
  5 toadstools (D:1)
5 creatures vanquished.

Grand Total: 56 creatures vanquished

Notes
Turn   | Place    | Note
-------+----------+-------------------------------------------
     0 | D:1      | vurker the Formicid Arcane Marksman began the quest for the
                  | Orb.
     0 | D:1      | Reached XP level 1. HP: 15/15 MP: 2/2
   435 | D:1      | Reached XP level 2. HP: 21/21 MP: 3/3
   662 | D:2      | Reached skill level 3 in Crossbows
   662 | D:2      | Reached XP level 3. HP: 27/27 MP: 4/4
   961 | D:2      | Found an ornate altar of the Wu Jian Council.
  1429 | D:2      | Reached XP level 4. HP: 25/33 MP: 5/5
  1605 | D:2      | Found a blossoming altar of Fedhas.
  2431 | D:3      | Reached skill level 4 in Crossbows
  2454 | D:3      | Reached XP level 5. HP: 40/40 MP: 6/6
  2692 | D:3      | Slain by a wyvern zombie

Illustrated notes

Levels and vault maps discovered:
D:1:      ldierk_walled_garden, layout_rooms, minmay_close_crescents
D:2:      layout_loops_ring, marbit_many_paths, old_standard_altar
D:3:      layout_loops_corners, lemuel_coloured_pillars_altar,
          ashenzari_altar_1, amethyst_killhole

Skill      XL: |  1  2  3  4 |
---------------+-------------+-----
Fighting       | 2 |  2.9
Crossbows      | 3 4 |  4.2
Dodging        | |  1.7
Spellcasting   | |  1.1
Hexes          | |  3.6

Action                   |  1- 3 |  4- 6 || total
-------------------------+-------+-------++-------
Melee: Dagger            |    60 |   114 ||   174
 Fire: Hand crossbow     |    53 |    26 ||    79
  Use: Scroll            |     3 |     2 ||     5
  Eat: Chunk             |     1 |     5 ||     6
Armor: Scale mail        |    40 |    66 ||   106
Dodge: Dodged            |    40 |    56 ||    96

Table legend:
 A = Non-vault XP
 B = Vault XP
 C = Vault XP percentage of total XP
 D = Non-vault monster count
 E = Vault monster count
 F = Vault count percentage of total count
                 A         B        C        D         E       F
            +---------+---------+-------+---------+---------+-------
      Total |     143 |      24 |  14.4 |      45 |       6 |  11.8
            +---------+---------+-------+---------+---------+-------
        D:1 |      13 |      11 |  45.8 |       9 |       5 |  35.7
        D:2 |      62 |      13 |  17.3 |      27 |       1 |   3.6
        D:3 |      68 |       0 |   0.0 |       9 |       0 |   0.0
            +---------+---------+-------+---------+---------+-------
